 Dungeon Crawl Stone Soup version 0.29-a0-25-g7f48f510a0 (webtiles) character file.

Game seed: 2728318720756751755

3735 testman the Grappler (level 9, -7/75 HPs)
             Began as a Grey Draconian Transmuter on Jan 31, 2022.
             Was a Follower of Sif Muna.
             Mangled by a wolf (11 damage)
             ... in a bailey.
             The game lasted 00:36:56 (8784 turns).

testman the Grappler (Grey Draconian Transmuter)    Turns: 8784, Time: 00:36:57

Health: -7/75      AC:  2    Str: 14    XL:     9   Next: 92%
Magic:  12/16      EV: 19    Int: 16    God:    Sif Muna [*.....]
Gold:   295        SH:  0    Dex: 17    Spells: 12/18 levels left

rFire   + . .      SeeInvis .     - Unarmed
rCold   . . .      Faith    .   (shield currently unavailable)
rNeg    . . .      Spirit   .   (armour unavailable)
rPois   x          Reflect  .   (helmet currently unavailable)
rElec   .          Harm     .   (cloak currently unavailable)
rCorr   +          Rampage  .   (gloves currently unavailable)
Will    .....                   (boots currently unavailable)
Stlth   ++........              q - amulet of the acrobat
HPRegen 0.22/turn               o - ring of resist corrosion
MPRegen 0.15/turn               u - ring of protection from fire

@: spider-form, wereblooded
A: venomous fangs, AC +12, (amphibious), tiny, unfitting armour, (cold-blooded)
a: End Transformation, Renounce Religion, Channel Magic


You were in a bailey.
You worshipped Sif Muna.
Sif Muna was aware of your devotion.
You were a venomous arachnid creature.
You visited 2 branches of the dungeon, and saw 9 of its levels.
You also visited: Sewer and Bailey.

You collected 295 gold pieces.

Inventory:

Hand Weapons
 b - a +1 hunting sling
 m - a +2 executioner's axe of venom
Missiles
 e - 163 stones
 f - 4 boomerangs
 j - 11 poisoned darts
 p - 6 javelins
 y - 4 throwing nets
Jewellery
 o - a ring of resist corrosion (left front leg)
 q - an amulet of the acrobat (around neck)
 u - a ring of protection from fire (right front leg)
Wands
 k - a wand of mindburst (12)
 l - a wand of polymorph (26)
 B - a wand of iceblast (16)
 H - a wand of digging (2)
Scrolls
 a - 4 scrolls of teleportation
 d - 2 scrolls of blinking
 g - 2 scrolls of brand weapon
 i - a scroll of silence
 w - a scroll of immolation
 E - a scroll of fear
Potions
 c - a potion of brilliance
 h - a potion of magic {unknown}
 n - 3 potions of curing
 r - a potion of attraction {unknown}
 s - a potion of lignification {unknown}
 t - 2 potions of heal wounds
 v - a potion of invisibility {unknown}
 x - 2 potions of cancellation
 z - a potion of might {unknown}
 D - a potion of resistance {unknown}


   Skills:
 + Level 5.8 Fighting
 - Level 1.7 Dodging
 + Level 9.0 Unarmed Combat
 + Level 5.2 Spellcasting
 + Level 8.3 Transmutations
 - Level 3.0 Poison Magic


You had 12 spell levels left.
You knew the following spells:

 Your Spells              Type           Power      Damage    Failure   Level
a - Beastly Appendage     Tmut           62%        N/A       3%          1
b - Wereblood             Tmut           31%        N/A       4%          2
c - Spider Form           Tmut/Pois      22%        N/A       13%         3

Your spell library contained the following spells:

 Spells                   Type           Power      Damage    Failure   Level
 Ice Form                 Ice/Tmut       17%        N/A       47%         4
 Dazzling Flash           Conj/Hex       8%         N/A       63%         3
 Agony                    Necr           4%         N/A       99%         5
 Silence                  Hex/Air        2%         N/A       99%         5


Dungeon Overview and Level Annotations

Branches:
Dungeon (8/15)             Temple (1/1) D:6           Sewer (visited)
 Bailey (1/1)
   Lair: D:8-11

Altars:
Ashenzari
Cheibriados
Dithmenos
Elyvilon
Fedhas
Gozag
Hepliaklqana
Kikubaaqudgha
Makhleb
Nemelex Xobeh
Qazlal
Ru
Sif Muna
Uskayaw
Vehumet
Xom
Zin
The Shining One

Annotations:
D:4 Duvessa
D:6 3 runed translucent doors, siradein's ghost, novice DEWz


Innate Abilities, Weirdness & Mutations

You are a venomous arachnid creature.
You have poisonous fangs.
You are tiny and dextrous.
Your spellcasting is less reliable in this form.
Your armour is entirely melded.
You are incapable of wielding weapons or throwing items.
((Your dull iron-grey scales are very hard. (AC +12)))
((You are amphibious.))
You cannot fit into any form of body armour.
((You are cold-blooded and may be slowed by cold attacks.))


Message History

The gnoll hits you but does no damage.
The gnoll sergeant hits you with a +0 halberd!!
The gnoll closely misses you.
You kill the gnoll sergeant!
Sif Muna accepts your kill. The gnoll completely misses you.
Your transformation has ended.
You howl as the wereblood boils in your veins!
Things that are here:
a +0 halberd; a +0 scale mail You kill the gnoll!
Sif Muna accepts your kill. The gnoll hits you but does no damage.
The gnoll sergeant hits you from afar with a +0 glaive.
* * * LOW HITPOINT WARNING * * *
The gnoll hits you but does no damage.
Things that are here:
a +0 halberd; a +0 scale mail
Casting: Wereblood (safe; 1% risk of failure)
Confirm with . or Enter, or press ? or * to list all spells.
You turn into a venomous arachnid creature.
The wolf barely misses you. The gnoll completely misses you.
You hit the wolf but do no damage.
The wolf is poisoned.
The wolf closely misses you.
The gnoll hits you from afar with a +0 spear.
* * * LOW HITPOINT WARNING * * *
The gnoll sergeant misses you. The wolf completely misses you.
You barely miss the wolf.
The wolf is lightly wounded.
The wolf barely misses you.
The gnoll hits you from afar with a +0 spear!
* * * LOW HITPOINT WARNING * * *
The gnoll sergeant barely misses you. The wolf bites you!
* * * LOW HITPOINT WARNING * * *
The wolf bites you but does no damage.
You barely miss the wolf.
The wolf is lightly wounded.
The wolf bites you!
You die...

#.... #≈♣ #...8
..#≈♣ .... ...#≈♣
... #g..#≈♣ ..
....#≈♣
##'##....8#≈♣
#.).#.....#≈♣
+...gg...##≈♣
#.).#...##s≈♣
####.).#####h.≈♣
.......)g.)gg..≈♣
..........g...≈≈♣
≈≈≈≈≈≈≈≈≈≈≈≈≈≈≈♣♣
♣♣♣♣♣♣♣♣♣♣♣♣♣♣♣♣


You could see 2 gnoll sergeants, a wolf (very poisoned) and a gnoll.

Vanquished Creatures
  A cyclops (D:7)
  A steam dragon (D:7)
  The ghost of HallandMoats the Skirmisher, an amateur OpMo of Jiyva (D:3)
  2 water moccasins
  A black bear (D:5)
  2 ogres
  A necrophage (D:6)
  A centaur (D:7)
  A kobold brigand (D:6)
  4 bullfrogs
  2 gnoll sergeants (Bailey)
  2 scorpions
  A wyvern zombie (D:7)
  A wyvern skeleton (D:6)
  Dowan (D:4)
  A water moccasin skeleton (D:5)
  5 killer bees
  4 wights (D:7)
  2 centaur zombies
  5 howler monkeys
  3 jellies
  8 hounds
  An orc priest (D:7)
  2 centaur skeletons (D:5)
  3 gnoll shamans
  Jessica (D:2)
  2 bullfrog skeletons (D:6)
  3 iguanas
  2 orc wizards
  14 gnolls
  6 adders
  An ufetubus (D:7)
  2 worms (D:4)
  A dart slug (D:1)
  11 orcs
  3 bats
  3 endoplasms
  11 giant cockroaches
  4 goblins
  5 hobgoblins
  7 jackals
  5 quokkas
  9 ball pythons
  10 frilled lizards
  12 kobolds
  7 rats
175 creatures vanquished.

Vanquished Creatures (collateral kills)
  A black bear (D:8)
  3 goblins (D:8)
4 creatures vanquished.

Vanquished Creatures (others)
  A plant (D:2)
1 creature vanquished.

Grand Total: 180 creatures vanquished

Notes
Turn   | Place    | Note
-------+----------+-------------------------------------------
     0 | D:1      | testman the Draconian Transmuter began the quest for the
                  | Orb.
     0 | D:1      | Reached XP level 1. HP: 16/16 MP: 3/3
   362 | D:1      | Reached XP level 2. HP: 21/23 MP: 3/5
   386 | D:1      | Learned a level 2 spell: Wereblood
  1082 | D:2      | Noticed Jessica
  1094 | D:2      | Killed Jessica
  1095 | D:2      | Reached XP level 3. HP: 19/28 MP: 6/6
  1099 | D:2      | Learned a level 3 spell: Spider Form
  1409 | D:2      | Found a faded altar of an unknown god.
  1542 | D:2      | Reached skill level 4 in Unarmed Combat
  1723 | D:2      | Reached skill level 1 in Poison Magic
  1723 | D:2      | Reached XP level 4. HP: 33/35 MP: 5/7
  2586 | D:3      | Found a runed translucent door.
  2591 | D:3      | Noticed HallandMoats's ghost (amateur OpMo)
  2604 | D:3      | Reached XP level 5. HP: 39/40 MP: 4/8
  2615 | D:3      | Killed HallandMoats's ghost
  2616 | D:3      | Reached skill level 5 in Unarmed Combat
  2616 | D:3      | Reached XP level 6. HP: 31/47 MP: 6/9
  3135 | D:4      | Found a glowing drain.
  3168 | Sewer    | Entered a sewer
  3992 | D:4      | Found a radiant altar of Vehumet.
  4004 | D:4      | Noticed Duvessa
  4051 | D:4      | Noticed Dowan
  4075 | D:4      | Killed Dowan
  4120 | D:4      | Reached skill level 6 in Unarmed Combat
  4129 | D:4      | Reached skill level 5 in Transmutations
  4129 | D:4      | Your scales start taking on a dull iron-grey colour.
  4129 | D:4      | Reached XP level 7. HP: 42/49 MP: 6/10
  4709 | D:4      | Found a shimmering altar of Xom.
  4773 | D:5      | Entered Level 5 of the Dungeon
  4799 | D:5      | HP: 2/52 [hound (3)]
  5200 | D:5      | Found a sacrificial altar of Ru.
  5208 | D:5      | Became a worshipper of Ru the Awakened
  5456 | D:5      | Reached skill level 7 in Unarmed Combat
  5669 | D:5      | Found a white marble altar of Elyvilon.
  5671 | D:5      | Found a sparkling altar of Nemelex Xobeh.
  5674 | D:5      | Found an opulent altar of Gozag.
  5677 | D:5      | Found a hide-covered altar of Uskayaw.
  5686 | D:5      | Reached XP level 8. HP: 50/59 MP: 6/11
  5872 | D:6      | Found a staircase to the Ecumenical Temple.
  5881 | Temple   | Entered the Ecumenical Temple
  5996 | Temple   | Fell from the grace of Ru
  5996 | Temple   | Became a worshipper of Sif Muna the Loreminder
  6032 | D:6      | Found a blossoming altar of Fedhas.
  6373 | D:6      | Noticed a troll
  6373 | D:6      | Noticed siradein's ghost (novice DEWz)
  6374 | D:6      | Found a runed translucent gate.
  6374 | D:6      | Found a runed translucent gate.
  6374 | D:6      | Found a runed translucent gate.
  7232 | D:7      | Reached skill level 8 in Unarmed Combat
  7232 | D:7      | Reached XP level 9. HP: 23/71 MP: 9/14
  7522 | D:7      | Reached * piety under Sif Muna
  7608 | D:7      | Found an ancient bone altar of Kikubaaqudgha.
  7803 | D:7      | Noticed a cyclops
  7816 | D:7      | Killed a cyclops
  7817 | D:7      | Reached skill level 5 in Fighting
  8233 | D:7      | Reached skill level 5 in Spellcasting
  8458 | D:8      | Found a flagged portal.
  8482 | Bailey   | Entered a bailey
  8762 | Bailey   | Reached skill level 9 in Unarmed Combat
  8781 | Bailey   | HP: 3/75 [wolf (9)]
  8784 | Bailey   | Mangled by a wolf

Illustrated notes

Levels and vault maps discovered:
D:1:      dpeg_arrival_rhombus, layout_loops_cross
D:2:      layout_loops_cross, chequers_ecumenical_altar_simple_redux,
          chequers_mini_garden, guppyfry_early_lair_pool, uniq_jessica
D:3:      layout_basic, ebering_ghost_sewer_d, minmay_misc_feat_iff
D:4:      nicolae_cairo_tiling_very_big, layout_basic, vehumet_crystals,
          kennysheep_little_box, portal_sewer_entry_c, uniq_duvessa
D:5:      layout_rooms, nicolae_ru_sacrificial_ziggurat,
          grunt_temple_overflow_cloverleaf
D:6:      cheibrodos_iron_armory, layout_cave_pools, fedhas_altar_3,
          minmay_temple_entry_wispy, gammafunk_ghost_split, st_stairs_6
D:7:      layout_basic, nicolae_kikubaaqudgha_miasma_corner, minmay_puff
D:8:      layout_basic, mainiacjoe_overflow_big_doors, enter_bailey_5
Temple:   kb_temple_of_zot
Bailey:   bailey_polearm_gnolls_kennysheep, bailey

Skill      XL: |  1  2  3  4  5  6  7  8  9 |
---------------+----------------------------+-----
Transmutations | 3 4 5 6 7 8 |  8.3
Unarmed Combat | 4 5 6 7 8 9 |  9.0
Poison Magic   | 1 2 3 |  3.0
Fighting       | 3 5 |  5.8
Spellcasting   | 3 5 |  5.2
Dodging        | |  1.7

Action                   |  1- 3 |  4- 6 |  7- 9 || total
-------------------------+-------+-------+-------++-------
Melee: Unarmed           |    78 |   154 |   328 ||   560
       Kick              |    20 |    31 |    34 ||    85
       Headbutt          |     8 |    17 |    28 ||    53
       Tailslap          |    10 |     8 |    23 ||    41
       Punch             |     3 |       |     7 ||    10
Throw: Boomerang         |       |       |     3 ||     3
 Cast: Beastly Appendage |    24 |    24 |    17 ||    65
       Wereblood         |     2 |    12 |    21 ||    35
       Spider Form       |       |       |    21 ||    21
  Use: Scroll            |       |     4 |    12 ||    16
       Potion            |       |       |     1 ||     1
 Stab: Sleeping          |       |       |     2 ||     2
Armor: Skin              |    21 |    61 |    93 ||   175
Dodge: Dodged            |    31 |    86 |   389 ||   506

Table legend: (Time is in decaauts)
 A = Elapsed time spent in this place.
 B = Non-inter-level travel time spent in this place.
 C = Inter-level travel time spent in this place.
 D = Time resting spent in this place.
 E = Time spent auto-exploring this place.
 F = Levels seen in this place.
 G = Mean time per level.
                   A        B        C        D        E       F      G
               +--------+--------+--------+--------+--------+-----+--------+
         Total |   8884 |   8667 |    217 |   1717 |   5111 |  11 |  807.6 |
       Dungeon |   7514 |   7351 |    163 |   1717 |   4281 |   8 |  939.2 |
        Temple |    145 |     91 |     54 |      0 |     43 |   1 |  145.0 |
         Sewer |    928 |    928 |      0 |      0 |    580 |   1 |  928.0 |
        Bailey |    295 |    295 |      0 |      0 |    207 |   1 |  295.0 |
               +--------+--------+--------+--------+--------+-----+--------+

Top non-repeatable levels by time:
     D:3: 1348 daAuts
     D:6: 1110 daAuts
     D:4: 1102 daAuts
     D:5: 1075 daAuts
     D:2: 1047 daAuts
     D:7: 1033 daAuts
   Sewer: 928 daAuts
     D:1: 760 daAuts
  Bailey: 295 daAuts
  Temple: 145 daAuts
     D:8: 37 daAuts
